Map: Abiogenesis LE

Players

MidOrFeed - Winner!

  • Race: Terran Terran
  • League: Master
  • Spawn Location: 5:00

sLivko

  • Race: Zerg Zerg
  • League: Grandmaster
  • Spawn Location: 11:00

VOD

Have the link to the VOD?

Description

Time

  • Played on: March 5, 2018, 2:26 a.m.
  • Length: 31:55
Show
View Real Time Build Order
Export as new Build Order

MidOrFeed Terran - Winner!

Build Orders: Reaper Expand, MMM Bio 

Get SALT Encoding   

  12  0:01  SCV  
  13  0:13  SCV  
  14  0:18  Supply Depot  
  14  0:25  SCV  
  15  0:32  Refinery  
  15  0:40  SCV  
  16  0:45  Barracks  
  16  0:52  SCV  
  17  1:04  SCV  
  18  1:16  SCV  
  19  1:32  Orbital Command  
  19  1:33  Reaper  
  20  1:46  Command Center  
  20  1:57  SCV  
  21  2:01  Factory  
  21  2:09  SCV  
  21  2:11  Barracks Reactor  
  21  2:13  Refinery  
  22  2:21  Supply Depot, SCV  
  23  2:43  SCV  
  24  2:52  Starport  
  24  2:55  SCV  
  24  2:57  Hellion x2  
  29  3:02  Orbital Command  
  29  3:07  SCV  
  29  3:09  Barracks Tech Lab  
  30  3:19  Hellion x2  
  34  3:20  SCV  
  35  3:28  SCV  
  35  3:32  SCV  
  37  3:37  Supply Depot  
  37  3:40  SCV  
  38  3:44  SCV  
  38  3:46  Raven  
  41  3:52  SCV  
  42  3:56  SCV  
  42  3:58  Supply Depot  
  42  4:01  Hellion x2  
  47  4:04  SCV  
  48  4:11  Supply Depot, SCV  
  48  4:15  Barracks Tech Lab  
  48  4:16  SCV  
  50  4:23  Command Center  
  50  4:24  SCV  
  51  4:26  Hellion  
  51  4:28  Hellion  
  55  4:33  Stimpack  
  55  4:34  SCV  
  55  4:35  Starport Reactor  
  56  4:40  Barracks x2  
  56  4:42  SCV  
  57  4:46  SCV  
  58  4:54  SCV  
  58  4:56  Refinery  
  58  4:57  Refinery  
  58  4:58  SCV  
  58  4:59  Factory Tech Lab  
  60  5:06  SCV, Marine  
  62  5:10  SCV, Engineering Bay  
  62  5:11  Engineering Bay  
  63  5:18  SCV  
  63  5:20  Siege Tank  
  65  5:23  SCV  
  66  5:30  SCV  
  66  5:34  Marine  
  66  5:35  SCV  
  69  5:37  Orbital Command  
  69  5:38  Starport Reactor  
  69  5:42  Marine x4  
  70  5:44  SCV  
  70  5:47  SCV  
  74  5:53  Terran Infantry Weapons Level 1, Terran Infantry Armor Level 1  
  74  5:56  SCV  
  75  5:58  Marine  
  75  6:00  Marine  
  75  6:03  Marine  
  77  6:05  SCV  
  68  6:13  SCV, Marine x2  
  68  6:16  Marine  
  68  6:18  SCV, Marine  
  60  6:19  SCV  
  62  6:25  SCV  
  62  6:29  Marine  
  62  6:30  SCV  
  62  6:31  SCV, Marine  
  66  6:34  Combat Shields  
  66  6:37  Marine x2, SCV  
  66  6:38  Marine, Medivac  
  72  6:42  SCV  
  72  6:44  Medivac  
  72  6:47  Marine  
  76  6:49  Orbital Command  
  76  6:52  SCV  
  77  7:04  Supply Depot x2  
  77  7:05  Armory  
  77  7:09  Marine  
  77  7:10  SCV, Marine x2  
  77  7:11  Marine x2, SCV  
  76  7:18  Supply Depot, Siege Tank  
  76  7:19  Supply Depot  
  76  7:22  SCV  
  80  7:23  SCV  
  80  7:25  Medivac x2  
  80  7:26  SCV  
  86  7:34  SCV  
  86  7:35  Marine x5, SCV  
  93  7:38  SCV  
  93  7:41  Barracks x2  
  94  7:46  SCV  
  94  7:48  SCV  
  94  7:51  SCV, Terran Infantry Weapons Level 2  
  97  7:53  Marine x2, Terran Infantry Armor Level 2  
  97  7:58  Marine, SCV  
  101  8:00  SCV  
  101  8:02  Siege Tank  
  101  8:03  SCV  
  106  8:07  Terran Vehicle Weapons Level 1  
  106  8:10  SCV  
  106  8:12  SCV  
  108  8:15  SCV  
  109  8:21  Marine  
  109  8:22  Marine x4, SCV, Supply Depot  
  109  8:23  Supply Depot  
  109  8:24  SCV  
  109  8:25  Supply Depot  
  115  8:37  Barracks Reactor x2  
  115  8:38  SCV x2  
  115  8:40  Unknown  
  117  8:42  Barracks  
  117  8:43  Marine, Barracks x2  
  116  8:49  Marine x4  
  116  8:50  Siege Tank, Medivac x2  
  116  8:52  SCV  
  125  9:01  Marine  
  125  9:02  Refinery  
  126  9:04  Command Center  
  126  9:07  Marine x3  
  126  9:08  Supply Depot  
  126  9:09  Supply Depot  
  129  9:14  Marine x3  
  129  9:15  Marine x2, Refinery  
  134  9:19  Marine  
  134  9:23  Medivac x2  
  134  9:24  Siege Tank  
  141  9:35  Marine x3  
  141  9:36  Marine x2, Barracks Tech Lab x3  
  141  9:37  Marine x3  
  149  9:41  Ghost Academy  
  149  9:47  Supply Depot x2  
  149  9:48  Marauder  
  151  10:02  Marauder  
  151  10:03  Marauder x2  
  157  10:09  Marauder  
  154  10:23  Ghost x3  
  154  10:30  Ghost  
  150  10:53  SCV  
  150  10:54  SCV x2  
  153  11:01  Ghost x4  
  161  11:04  Refinery  
  161  11:05  SCV, Sensor Tower  
  161  11:06  SCV  
  161  11:07  Sensor Tower  
  161  11:08  Refinery  
  163  11:14  Liberator x2  
  163  11:29  Starport, Ghost x2  
  163  11:30  Starport  
  163  11:31  Starport  
  173  11:40  Starport  
  173  11:48  Missile Turret  
  173  11:53  Missile Turret  
  173  11:55  Missile Turret  
  173  12:11  Ghost x2  
  173  12:12  Ghost x3  
  173  12:15  Personal Cloaking  
  182  12:17  Unknown x5  
  163  12:34  Liberator  
  156  12:37  Medivac x2  
  156  12:38  Marine x2  
  156  12:39  Marine x4  
  156  12:40  Ghost x2  
  174  12:46  Marauder x3  
  174  12:49  Liberator  
  174  12:50  Starport Tech Lab  
  174  12:51  Starport Tech Lab  
  176  12:57  Marine, Planetary Fortress  
  180  13:02  Supply Depot  
  180  13:03  Supply Depot  
  180  13:06  Marine x3, Liberator, SCV x2  
  180  13:07  Supply Depot  
  180  13:08  Command Center  
  180  13:09  Marine x4, Marauder x2  
  180  13:10  Command Center  
  199  13:42  Fusion Core  
  199  14:07  Armory  
  199  14:08  Armory  
  189  14:10  Viking x3  
  189  14:14  Viking x3  
  199  14:26  Orbital Command  
  199  14:28  Orbital Command, Missile Turret  
  199  14:30  Missile Turret  
  199  14:31  Missile Turret  
  194  14:32  Missile Turret  
  194  14:33  Command Center  
  183  14:43  Viking x3  
  183  14:44  Viking  
  189  14:51  Advanced Ballistics  
  189  14:59  Terran Infantry Weapons Level 3  
  189  15:00  Terran Infantry Armor Level 3  
  193  15:13  Viking  
  195  15:14  Liberator x2  
  199  15:29  Viking  
  199  15:45  Terran Vehicle And Ship Armor Level 1, Terran Ship Weapons Level 1  
  199  16:01  Command Center  
  199  16:04  Command Center  
  199  16:05  Missile Turret  
  199  16:35  Planetary Fortress  
  199  16:38  Command Center  
  199  16:40  Missile Turret  
  199  16:41  Missile Turret  
  199  16:43  Refinery, Missile Turret  
  199  16:44  Refinery  
  199  16:45  Missile Turret  
  199  16:48  Sensor Tower  
  198  17:25  Raven x2  
  196  17:30  Starport x2  
  196  17:36  Hi-Sec Auto Tracking  
  196  17:37  Building Armor  
  196  17:41  Liberator  
  199  18:00  Planetary Fortress  
  199  18:01  Planetary Fortress  
  199  18:08  Planetary Fortress  
  199  18:14  Starport Tech Lab x2  
  199  18:17  Corvid Reactor  
  199  18:18  Terran Vehicle And Ship Armor Level 2, Terran Ship Weapons Level 2  
  199  18:19  Unknown x4  
  157  19:04  Viking x3  
  157  19:05  Marine, Raven x4  
  157  19:06  Marine, Marauder x2  
  160  19:12  Viking  
  160  19:13  Marine x4, Marauder  
  160  19:14  Marine, Marauder  
  149  19:23  Marine x2  
  145  19:27  Marine, Marauder  
  145  19:31  Marine  
  148  19:32  Marine x3  
  148  19:33  Marine  
  148  19:34  Viking x2  
  148  19:35  Marauder x2  
  161  19:39  Orbital Command  
  161  19:41  Marine x2  
  161  19:45  Marauder  
  164  19:47  Raven  
  164  19:48  Raven  
  168  20:00  Marine x5, Marauder x3  
  168  20:01  Raven x2, Liberator  
  168  20:02  Viking x2  
  168  20:04  Viking  
  189  20:20  Marine x4, Marauder x2  
  200  20:33  Missile Turret  
  200  20:34  Missile Turret  
  200  20:41  Command Center x2  
  190  21:33  Raven x3  
  193  21:55  Liberator x3  
  193  21:59  Liberator x2  
  181  22:11  Viking x2  
  181  22:12  Liberator  
  181  22:13  Marine, Marauder x2  
  179  22:33  Marine x2, Marauder  
  179  22:34  Marine x4  
  177  22:42  Ghost x4  
  172  22:48  Liberator  
  172  22:49  Liberator x3  
  172  22:51  Marine x2  
  173  22:54  Ghost  
  173  22:55  Raven  
  178  22:58  Raven x2  
  182  23:11  Marauder x2  
  198  23:27  Marine  
  198  23:28  Marine  
  197  23:37  Orbital Command  
  197  23:52  Viking  
  199  24:25  Missile Turret  
  199  24:27  Sensor Tower, Refinery  
  199  24:28  Refinery  
  199  24:29  Command Center  
  199  24:30  Missile Turret  
  169  25:00  Ghost x3  
  169  25:01  Ghost  
  169  25:03  Raven x4  
  175  25:08  Ghost  
  175  25:09  Marine x6  
  182  25:14  Command Center  
  182  25:16  Sensor Tower, Missile Turret x2  
  182  25:18  Missile Turret  
  182  25:27  Marine x2  
  184  25:29  Ghost  
  184  25:33  Ghost x2  
  187  25:45  Raven  
  155  26:23  Ghost x3  
  155  26:25  Marine x4  
  161  26:26  Marine x4  
  169  26:43  Marine x5, Medivac  
  176  26:53  Medivac  
  176  26:54  Marine x2  
  179  27:01  Marine x3  
  184  27:05  Marine  
  184  27:10  Marine x4  
  188  27:22  Planetary Fortress  
  188  27:41  SCV x7  
  191  27:53  SCV  
  189  28:03  Raven  
  189  28:05  Marine x8  
  184  29:06  Viking x3  
  184  29:08  Marauder x2  
  184  29:09  Marine x6  
  200  29:25  Unknown x4  
  200  29:26  Unknown x4  
  200  29:27  Unknown x6  
  200  29:32  Unknown  
  200  29:33  Unknown  
  187  29:56  Planetary Fortress  
  183  30:29  Raven  
  183  30:31  Marine x8  
  148  31:33  Marine x11  
Show
View Real Time Build Order
Export as new Build Order

sLivko Zerg 

Build Orders: Hatch First, Brood Lord Corruptor, Roach Hydra 

Get SALT Encoding   

  12  0:01  Drone  
  13  0:12  Overlord  
  13  0:17  Drone  
  14  0:31  Drone x2  
  14  0:35  Drone  
  17  0:53  Hatchery  
  17  0:55  Drone  
  17  0:58  Drone  
  17  1:04  Extractor  
  17  1:13  Spawning Pool  
  17  1:17  Drone  
  17  1:20  Drone  
  18  1:28  Drone  
  19  1:39  Overlord  
  19  2:00  Queen  
  19  2:01  Zergling x4  
  23  2:04  Queen  
  23  2:05  Zergling x2  
  26  2:10  Metabolic Boost  
  26  2:11  Drone  
  26  2:15  Drone  
  28  2:21  Drone  
  29  2:26  Drone  
  30  2:33  Drone  
  30  2:36  Queen  
  33  2:37  Drone  
  34  2:45  Overlord  
  34  2:47  Overlord  
  34  2:54  Drone  
  35  3:00  Drone  
  36  3:12  Drone x4  
  40  3:15  Drone x3  
  40  3:16  Drone  
  44  3:21  Overlord  
  44  3:29  Drone  
  45  3:34  Hatchery  
  45  3:36  Queen  
  45  3:37  Queen  
  48  3:45  Drone x2  
  48  3:46  Drone x3  
  48  3:47  Drone  
  54  3:50  Drone  
  54  3:51  Drone  
  54  3:52  Drone  
  54  3:53  Drone  
  58  3:57  Overlord  
  58  4:02  Overlord  
  58  4:05  Roach Warren  
  58  4:07  Extractor  
  58  4:08  Drone  
  58  4:09  Extractor  
  56  4:18  Zergling x4  
  56  4:20  Zergling x2  
  56  4:21  Drone x4  
  56  4:24  Overlord  
  63  4:31  Drone  
  64  4:34  Overlord  
  64  4:47  Roach  
  64  4:48  Roach x7  
  80  4:56  Spore Crawler  
  80  4:58  Spore Crawler, Roach x2  
  80  4:59  Queen  
  84  5:01  Drone  
  84  5:06  Lair  
  86  5:07  Drone  
  86  5:10  Overlord  
  86  5:18  Drone x2  
  86  5:20  Drone  
  87  5:21  Drone, Ravager  
  87  5:24  Ravager x2  
  87  5:26  Drone  
  92  5:29  Drone x2  
  92  5:31  Drone x4  
  92  5:32  Drone  
  92  5:34  Drone x2  
  100  5:40  Drone x2  
  99  5:43  Drone  
  99  5:44  Drone  
  99  5:46  Extractor, Ravager x2  
  102  5:50  Extractor  
  102  5:51  Extractor  
  102  5:53  Evolution Chamber  
  102  5:54  Evolution Chamber, Overlord  
  97  5:57  Drone x2  
  98  6:04  Drone x2  
  98  6:07  Drone x2  
  98  6:08  Drone x4  
  100  6:11  Glial Reconstitution  
  100  6:12  Drone, Roach x2  
  94  6:19  Zerg Missile Weapons Level 1, Overlord  
  94  6:22  Zerg Ground Armor Level 1  
  86  6:26  Roach  
  86  6:27  Roach x2  
  86  6:29  Roach  
  86  6:30  Roach  
  86  6:31  Roach  
  98  6:39  Overlord  
  98  6:40  Roach x2  
  98  6:41  Roach x3  
  98  6:47  Drone x2, Hydralisk Den  
  110  6:53  Hatchery  
  108  6:56  Overlord  
  108  6:58  Infestation Pit  
  111  7:01  Roach x2  
  111  7:21  Hydralisk  
  111  7:22  Hydralisk x7  
  127  7:32  Overlord  
  127  7:38  Hive  
  127  7:39  Grooved Spines  
  127  7:40  Hydralisk  
  127  7:42  Overlord  
  127  7:43  Overseer  
  129  7:52  Drone  
  129  7:53  Drone x8  
  129  7:54  Extractor, Drone, Overlord  
  129  7:55  Overlord x3  
  129  7:57  Extractor  
  129  7:58  Overlord  
  137  8:06  Zergling x2  
  137  8:09  Overseer  
  137  8:12  Overlord  
  138  8:16  Roach x4  
  138  8:18  Hatchery  
  145  8:20  Spine Crawler  
  145  8:24  Zerg Ground Armor Level 2  
  144  8:31  Drone  
  144  8:32  Drone x6  
  144  8:33  Roach  
  153  8:34  Overlord  
  153  8:37  Overlord  
  153  8:43  Pneumatized Carapace  
  153  8:47  Overlord  
  151  8:54  Hydralisk x4  
  151  8:55  Hydralisk x3  
  155  9:01  Overlord  
  155  9:02  Ultralisk Cavern  
  154  9:07  Queen  
  156  9:17  Zerg Melee Weapons Level 1  
  156  9:19  Overlord  
  156  9:23  Muscular Augments  
  155  9:27  Ravager x2  
  155  9:28  Ravager x3  
  155  9:30  Hatchery  
  160  9:31  Drone x4  
  160  9:32  Drone x4  
  160  9:36  Viper x2  
  160  9:38  Overlord  
  173  9:40  Extractor  
  173  9:42  Extractor  
  171  9:49  Ultralisk  
  171  9:51  Chitinous Plating  
  171  9:52  Overlord  
  177  9:58  Spine Crawler  
  176  10:01  Spine Crawler  
  176  10:04  Spore Crawler, Spine Crawler  
  164  10:33  Extractor  
  160  10:38  Ultralisk x3  
  160  10:39  Ultralisk  
  184  10:45  Ultralisk x2  
  184  10:49  Overseer  
  196  10:51  Drone x2  
  196  10:52  Drone x2  
  196  10:56  Overseer  
  200  11:03  Spire, Overlord  
  199  11:09  Zerg Ground Armor Level 3  
  199  11:10  Spire  
  198  11:14  Drone x2  
  200  11:24  Baneling Nest  
  199  11:36  Drone  
  200  11:40  Zerg Melee Weapons Level 2  
  200  11:44  Spine Crawler  
  200  11:45  Spine Crawler, Drone x2  
  200  11:53  Overlord  
  109  12:41  Greater Spire  
  107  12:45  Viper  
  107  12:48  Drone x3  
  107  12:49  Drone x4  
  107  12:50  Drone  
  118  12:52  Infestor x2  
  118  12:53  Corruptor x8  
  118  12:54  Corruptor x4  
  118  12:57  Adrenal Glands  
  146  13:02  Extractor  
  146  13:05  Spine Crawler x2  
  143  13:09  Centrifical Hooks  
  143  13:12  Zerg Flyer Weapons Level 1  
  143  13:14  Queen  
  143  13:15  Drone x2  
  147  13:23  Extractor  
  147  13:24  Hydralisk x2  
  147  13:25  Hydralisk x3, Lurker Den  
  155  13:27  Drone x3  
  155  13:28  Drone  
  155  13:29  Drone x2  
  155  13:32  Drone x2  
  163  13:42  Evolution Chamber  
  163  13:47  Overlord  
  162  13:54  Brood Lord  
  162  13:55  Brood Lord x10  
  184  14:05  Corruptor x2  
  184  14:06  Corruptor  
  190  14:13  Corruptor x2  
  193  14:24  Ultralisk  
  198  14:41  Hatchery  
  198  14:44  Infestor  
  198  14:45  Overlord  
  199  15:20  Zerg Missile Weapons Level 2, Zerg Melee Weapons Level 3  
  199  15:21  Zerg Flyer Weapons Level 2  
  199  15:23  Zerg Flyer Armor Level 1  
  199  15:28  Pathogen Glands  
  199  15:51  Extractor  
  198  16:01  Drone x2  
  198  16:03  Spine Crawler  
  199  16:04  Spine Crawler  
  199  16:06  Spine Crawler  
  197  16:14  Drone x3  
  197  16:17  Overlord  
  200  16:27  Spore Crawler, Spine Crawler, Drone x2  
  200  16:29  Spore Crawler, Spine Crawler x2  
  197  17:25  Overseer x4  
  197  17:37  Lurker x3  
  200  17:45  Spore Crawler x2  
  200  17:46  Spore Crawler  
  200  17:47  Spore Crawler x4  
  200  17:48  Spore Crawler  
  192  17:55  Infestor x2  
  196  17:59  Swarm Host  
  196  18:00  Zergling x2  
  200  18:26  Baneling x2  
  136  19:27  Corruptor x10  
  136  19:28  Corruptor x6  
  136  19:30  Infestor, Overlord  
  136  19:31  Infestor x4  
  170  19:32  Infestor, Viper x2  
  170  19:33  Corruptor x4  
  170  19:34  Corruptor  
  170  19:36  Overlord  
  196  19:40  Zerg Missile Weapons Level 3  
  190  20:02  Zerg Flyer Weapons Level 3, Zerg Flyer Armor Level 2  
  190  20:05  Brood Lord x3  
  190  20:06  Hatchery, Brood Lord x4  
  197  20:30  Extractor  
  197  20:32  Extractor  
  194  20:47  Drone x4  
  194  20:48  Drone x2  
  200  21:08  Overseer x2  
  198  21:11  Overlord  
  197  21:58  Spore Crawler x3  
  197  21:59  Spore Crawler  
  197  22:00  Spore Crawler  
  190  22:02  Spore Crawler  
  154  22:35  Ultralisk x5  
  157  22:44  Corruptor x3  
  157  22:45  Overlord  
  163  22:59  Corruptor x2  
  163  23:00  Corruptor  
  163  23:04  Ultralisk x5  
  163  23:05  Zergling x2  
  200  23:11  Zerg Flyer Armor Level 3  
  200  23:27  Baneling x2  
  200  23:53  Overseer  
  200  23:55  Overseer x3  
  200  23:56  Overseer x4  
  184  24:55  Hatchery  
  184  24:56  Viper x2  
  184  24:57  Viper  
  184  24:58  Overlord  
  187  25:13  Extractor  
  185  25:48  Corruptor  
  185  25:49  Corruptor x6  
  199  25:50  Overlord  
  175  26:20  Corruptor  
  175  26:21  Corruptor x9  
  175  26:22  Zergling x18  
  175  26:23  Zergling x2  
  181  26:42  Spine Crawler  
  181  26:43  Zergling x16, Spine Crawler  
  181  26:44  Zergling x6  
  190  26:47  Baneling x10  
  190  26:48  Baneling x10  
  190  26:58  Queen x2  
  190  26:59  Queen  
  196  27:11  Baneling x8  
  196  27:13  Overlord  
  180  28:08  Zergling x2  
  180  28:09  Zergling x34  
  180  28:10  Zergling x2  
  168  28:48  Drone  
  168  28:49  Drone x8  
  168  28:55  Zergling x14  
  177  28:56  Zergling x32  
  199  29:05  Overlord  
  199  29:09  Spore Crawler x4  
  195  29:10  Spore Crawler x2  
  195  29:11  Spore Crawler x3  
  195  29:13  Spore Crawler, Brood Lord x4  
  195  29:14  Spore Crawler  
  195  29:15  Spore Crawler  
  168  30:19  Queen x2  
  172  30:36  Queen x2  
  166  31:08  Overlord  
  107  31:38  Extractor  
Tags
 
Add a new tag
Caveats
  • Supply blocks, unpowered buildings, or Contaminate may cause inaccurate times.
  • Supply counts are checked every 10 seconds.